 Dungeon Crawl Stone Soup version 0.28.0-47-ge53b351184 (webtiles) character file.

Game seed: 13041584018662488374

310 croobank the Sneak (level 6, -1/39 HPs)
             Began as an Octopode Fire Elementalist on Apr 30, 2022.
             Slain by Grinder (2 damage)
             ... on level 5 of the Dungeon.
             The game lasted 00:10:27 (3794 turns).

croobank the Sneak (Octopode Fire Elementalist)     Turns: 3794, Time: 00:10:27

Health: -1/39      AC:  1    Str:  7    XL:     6   Next: 41%
Magic:  0/10       EV: 17    Int: 20    God:
Gold:   121        SH:  0    Dex: 12    Spells: 4/11 levels left

rFire   . . .      SeeInvis .   p - +1 war axe
rCold   . . .      Faith    .   (no shield)
rNeg    . . .      Spirit   .   (helmet restricted)
rPois   .          Reflect  .   (no amulet)
rElec   .          Harm     .   o - +4 ring of evasion
rCorr   .          Rampage  .   (no ring)
Will    .....                   (no ring)
Stlth   ++++......              (no ring)
HPRegen 0.13/turn               (no ring)
MPRegen 0.12/turn               (no ring)
                                (no ring)
                                (no ring)

@: no status effects
A: almost no armour, amphibious, 8 rings, camouflage 1, gelatinous body 1,
(nimble swimmer 1), tentacles
a: no special abilities


You were on level 5 of the Dungeon.
You visited 1 branch of the dungeon, and saw 5 of its levels.

You collected 121 gold pieces.

Inventory:

Hand Weapons
 f - a +0 hand axe
 p - a +1 war axe (weapon)
Missiles
 b - 33 arrows
 d - 88 sling bullets
 g - 14 bolts
 l - 9 poisoned darts
 n - 56 stones
 r - 5 curare-tipped darts
Armour
 a - a +0 kite shield
 i - an orb of guile
Jewellery
 o - a +4 ring of evasion (left tentacle)
Wands
 k - a wand of flame (32)
Scrolls
 c - 2 scrolls of fog
 e - a scroll of teleportation
Potions
 h - a potion of mutation
 j - a potion of berserk rage
 m - a potion of curing {unknown}
 q - a potion of might {unknown}
 s - 2 potions of flight {unknown}


   Skills:
 + Level 2.1 Fighting
 + Level 3.2 Dodging
 + Level 4.4 Stealth
 + Level 3.0 Spellcasting
 + Level 2.6 Conjurations
 + Level 3.9 Fire Magic


You had 4 spell levels left.
You knew the following spells:

 Your Spells              Type           Power      Damage    Failure   Level
a - Foxfire               Conj/Fire      64%        2x1d7     3%          1
b - Scorch                Fire           36%        2d6       4%          2
c - Flame Wave            Conj/Fire      16%        2d6       36%         4

Your spell library contained the following spells:

 Spells                   Type           Power      Damage    Failure   Level
 Shock                    Conj/Air       32%        1d5       9%          1
 Conjure Flame            Conj/Fire      16%        6-21      11%         3
 Inner Flame              Hex/Fire       10%        N/A       19%         3
 Sublimation of Blood     Necr           3%         N/A       22%         2
 Wereblood                Tmut           3%         N/A       22%         2
 Gell's Gravitas          Tloc           3%         N/A       38%         3
 Lesser Beckoning         Tloc           3%         N/A       38%         3
 Teleport Other           Tloc           3%         N/A       38%         3
 Summon Hydra             Summ           1%         N/A       100%        7


Dungeon Overview and Level Annotations

Branches:
Dungeon (5/15)             Temple (0/1) D:5

Altars:
Okawaru
Wu Jian

Annotations:
D:5 Grinder


Innate Abilities, Weirdness & Mutations

You cannot wear most types of armour.
You are amphibious.
You can wear up to eight rings at the same time.
Your skin changes colour to match your surroundings (Stealth+).
Your rubbery body absorbs attacks. (AC +1, EV +1)
((You are camouflaged when in or above water. (Stealth+)))
You have tentacles for arms and can constrict up to eight enemies at once.


Message History

Pain shoots through your body!
Casting: Scorch (safe; 4% risk of failure)
Confirm with . or Enter, or press ? or * to list all spells.
Flames lash Grinder.
Grinder is lightly wounded.
Grinder's fire resistance burns away.
Casting: Scorch (safe; 4% risk of failure)
Confirm with . or Enter, or press ? or * to list all spells.
Flames lash Grinder.
Grinder is burned terribly!
Grinder is moderately wounded.
Casting: Scorch (safe; 4% risk of failure)
Confirm with . or Enter, or press ? or * to list all spells.
Flames lash Grinder.
Grinder is burned terribly!
Grinder is heavily wounded.
Grinder barely misses you.
You hit Grinder. You grab Grinder.
Grinder is heavily wounded.
You constrict Grinder. Grinder gestures at you.
You resist with significant effort. Grinder hits you!
You writhe in agony.
* * * LOW HITPOINT WARNING * * *
Casting: Scorch (safe; 4% risk of failure)
Confirm with . or Enter, or press ? or * to list all spells.
You don't have enough magic to cast this spell.
Casting: Scorch (safe; 4% risk of failure)
Confirm with . or Enter, or press ? or * to list all spells.
You conjure some foxfire!
You constrict Grinder, but do no damage.
Grinder closely misses you.
You hit Grinder.
Grinder is severely wounded.
You constrict Grinder, but do no damage.
The foxfire hits Grinder.
Grinder is burned terribly!
Grinder is severely wounded.
The foxfire hits Grinder but does no damage.
Grinder is severely wounded.
Grinder hits you!
* * * LOW HITPOINT WARNING * * *
You writhe in agony.
You die...

....>..### ...##.. ...
...P.P.... ....#.. ...
.......#.##.......
....##...##...........
......(...#...........
.....##......†.......
..#...#........?.#..
........##....§§.#.#
.##<......@....#
#......###..5....#
##.....##...........
.....##.............#
#..... ##......!..$...
##..#. #..........#.!.
#.## ...........####
>. ............


You could see Grinder (combustible).

Vanquished Creatures
  A bullfrog (D:5)
  A scorpion (D:2)
  A hound (D:4)
  Jessica (D:2)
  A killer bee zombie (D:4)
  4 adders
  2 adder skeletons (D:4)
  2 worms (D:3)
  A dart slug (D:3)
  9 ball pythons
  6 endoplasms
  A giant cockroach (D:3)
  6 goblins
  6 hobgoblins
  6 jackals (D:1)
  3 kobolds
  2 quokkas
  6 bats
  5 frilled lizards
  4 rats
68 creatures vanquished.

Vanquished Creatures (others)
  104 foxfires
  A fungus (D:1)
  13 plants
118 creatures vanquished.

Grand Total: 186 creatures vanquished

Notes
Turn   | Place    | Note
-------+----------+-------------------------------------------
     0 | D:1      | croobank the Octopode Fire Elementalist began the quest for
                  | the Orb.
     0 | D:1      | Reached XP level 1. HP: 11/11 MP: 3/3
   184 | D:1      | Reached XP level 2. HP: 17/17 MP: 3/5
   190 | D:1      | Reached skill level 3 in Stealth
   360 | D:1      | Learned a level 2 spell: Scorch
   674 | D:1      | Reached XP level 3. HP: 21/21 MP: 0/6
   867 | D:1      | Found a faded altar of an unknown god.
   871 | D:1      | Got Plato's Almanac of Lightness
  1213 | D:2      | Noticed a scorpion
  1218 | D:2      | Killed a scorpion
  1219 | D:2      | Reached skill level 1 in Fighting
  1219 | D:2      | Reached XP level 4. HP: 28/28 MP: 0/7
  1316 | D:2      | Learned a level 4 spell: Flame Wave
  1642 | D:2      | Reached XP level 5. HP: 33/33 MP: 4/8
  1702 | D:2      | Noticed Jessica
  2004 | D:2      | Killed Jessica
  2005 | D:2      | Reached skill level 4 in Stealth
  2507 | D:3      | Found an iron altar of Okawaru.
  3481 | D:4      | Reached XP level 6. HP: 39/39 MP: 5/10
  3672 | D:4      | Found an ornate altar of the Wu Jian Council.
  3776 | D:5      | Entered Level 5 of the Dungeon
  3780 | D:5      | Noticed Grinder
  3782 | D:5      | Found a staircase to the Ecumenical Temple.
  3794 | D:5      | HP: 1/39 [Grinder (8)]
  3794 | D:5      | Slain by Grinder

Illustrated notes

Levels and vault maps discovered:
D:1:      dpeg_arrival_windows_large_door, layout_loops_ring,
          shapermc_ecumenical_altar_rom_forum, minmay_misc_feat_tiny,
          st_stairs_5
D:2:      layout_basic, minivault_5, serial_bayou_lake_a, uniq_jessica
D:3:      layout_basic, lemuel_round_altar
D:4:      layout_basic, pdpol_wu_jian_five_deadly_venoms
D:5:      layout_cave_pools, elyvilon_altar_4, minmay_temple_entry_trees,
          nicolae_ossuary_entry_ruins, uniq_grinder

Skill      XL: |  1  2  3  4  5  6 |
---------------+-------------------+-----
Stealth        | 3 4 |  4.4
Fighting       | 1 2 |  2.1
Conjurations   | 2 |  2.6
Dodging        | 3 |  3.2
Spellcasting   | 3 |  3.0
Fire Magic     | |  3.9

Action                   |  1- 3 |  4- 6 || total
-------------------------+-------+-------++-------
Melee: Unarmed           |     1 |       ||     1
       Hand axe          |     1 |       ||     1
       War axe           |       |     3 ||     3
       Constrict         |       |     1 ||     1
 Cast: Foxfire           |    32 |    31 ||    63
       Scorch            |    10 |    35 ||    45
  Use: Scroll            |       |     7 ||     7
Armor: Skin              |     4 |     1 ||     5
Dodge: Dodged            |    15 |    11 ||    26
